 Dungeon Crawl Stone Soup version 0.28-a0-10-g964c8b829e (webtiles) character file.

Game seed: 13385145481026930853

58 sizableburger the Cudgeller (level 3, 0/29 HPs)
             Began as a Mummy Monk on July 25, 2021.
             Slain by a hobgoblin (5 damage)
             ... on level 2 of the Dungeon.
             The game lasted 00:04:21 (3740 turns).

sizableburger the Cudgeller (Mummy Monk)            Turns: 3740, Time: 00:04:21

Health: 0/29       AC:  2    Str: 14    XL:     3   Next: 75%
Magic:  6/6        EV: 12    Int: 10    God:
Gold:   90         SH:  0    Dex: 14    Spells: 1/6 levels left

rFire   x . .      SeeInvis .   a - +0 mace
rCold   + . .      Faith    .   (no shield)
rNeg    + + +      Spirit   .   b - +0 robe
rPois   ∞          Reflect  .   (no helmet)
rElec   .          Harm     .   (no cloak)
rCorr   .          Rampage  .   (no gloves)
Will    .....                   (no boots)
Stlth   ++........              (no amulet)
HPRegen 0.09/turn               (no ring)
MPRegen 0.10/turn               (no ring)

@: no status effects
A: cold resistance 1, negative energy resistance 3, torment resistance 2, heat
vulnerability 1, no potions
a: no special abilities


You were on level 2 of the Dungeon.
You visited 1 branch of the dungeon, and saw 2 of its levels.

You collected 90 gold pieces.

Inventory:

Hand Weapons
 a - a +0 mace (weapon)
Armour
 b - a +0 robe (worn)
Scrolls
 c - a scroll of fear {unknown}
 d - 5 scrolls of identify {unknown}
 e - a scroll of teleportation {unknown}
 f - a scroll of torment {unknown}
 g - a scroll of summoning {unknown}
 h - a scroll of enchant armour {unknown}


   Skills:
 - Level 3.0 Fighting
 + Level 3.4 Maces & Flails
 - Level 2.4 Dodging
 - Level 1.5 Stealth
 + Level 2.0 Spellcasting
 + Level 0.5 Summonings


You had one spell level left.
You knew the following spells:

 Your Spells              Type           Power      Damage    Failure   Level
a - Mephitic Cloud        Conj/Pois/Air  1%         N/A       67%         3
b - Call Imp              Summ           2%         N/A       36%         2

Your spell library contained the following spells:

 Spells                   Type           Power      Damage    Failure   Level
 Magic Dart               Conj           4%         1d3       30%         1


Dungeon Overview and Level Annotations

Branches:
Dungeon (2/15)

Altars:

Shops:
D:2 =


Innate Abilities, Weirdness & Mutations

You are immune to poison.
Your flesh is cold resistant. (rC+)
You are immune to negative energy. (rN+++)
You are immune to unholy pain and torment.
You are vulnerable to heat. (rF-)
You do not drink.


Message History

You barely miss the hobgoblin.
The hobgoblin is heavily wounded.
The hobgoblin hits you but does no damage.
You barely miss the hobgoblin.
The hobgoblin is heavily wounded.
The giant cockroach misses you. The hobgoblin barely misses you.
The giant cockroach bites you but does no damage.
You closely miss the hobgoblin.
The hobgoblin is heavily wounded.
The hobgoblin hits you. The giant cockroach bites you.
The giant cockroach barely misses you. The giant cockroach misses you.
The hobgoblin closely misses you. The giant cockroach misses you.
You hit the giant cockroach but do no damage.
The giant cockroach bites you.
You barely miss the giant cockroach. The giant cockroach bites you. x2
You hit the giant cockroach.
The giant cockroach is moderately wounded.
The giant cockroach barely misses you.
You closely miss the giant cockroach.
The giant cockroach is moderately wounded.
The giant cockroach barely misses you. The giant cockroach bites you.
* * * LOW HITPOINT WARNING * * *
You hit the giant cockroach but do no damage.
The giant cockroach is moderately wounded.
The giant cockroach barely misses you.
You barely miss the giant cockroach.
The giant cockroach is moderately wounded.
The giant cockroach barely misses you.
You hit the giant cockroach.
The giant cockroach is almost dead.
The giant cockroach closely misses you. The giant cockroach misses you.
You hit the giant cockroach.
You kill the giant cockroach!
You hit the hobgoblin but do no damage.
The hobgoblin is heavily wounded.
The hobgoblin hits you.
* * * LOW HITPOINT WARNING * * *
The hobgoblin hits you.
You die...

##########..........#
#............##......
###
#####.#######..##..g..#
... #...#.#
#.###..≈≈≈..# ###
#.#...# #.# #.≈≈≈≈≈.#
#...### #.###.≈≈≈≈≈.#
##.## #g..#.≈≈≈≈≈.#
#.### #g#.#..≈≈≈..#
#...## #@#.##..∩..##
#.###.## #.#.##########
#.#
##.#####............#
#. #.......#..........#
#.#
##.#####.#########..#
#.###.## #.# #..#
#...## #.# #..#####
##.## #.# #....... #.#
########.###.##


You could see a hobgoblin and a goblin.

Vanquished Creatures
  An adder (D:2)
  A worm (D:2)
  4 ball pythons
  2 endoplasms (D:2)
  2 giant cockroaches
  4 goblins
  7 hobgoblins
  7 jackals
  4 quokkas
  A bat (D:2)
  A frilled lizard (D:1)
  2 kobolds
  A rat (D:2)
37 creatures vanquished.

Vanquished Creatures (others)
  2 fungi (D:2)
  2 plants (D:2)
4 creatures vanquished.

Grand Total: 41 creatures vanquished

Notes
Turn   | Place    | Note
-------+----------+-------------------------------------------
     0 | D:1      | sizableburger the Mummy Monk began the quest for the Orb.
     0 | D:1      | Reached XP level 1. HP: 18/18 MP: 1/1
   836 | D:1      | Reached XP level 2. HP: 24/24 MP: 2/2
  1815 | D:2      | Reached skill level 1 in Spellcasting
  2117 | D:2      | Reached XP level 3. HP: 8/29 MP: 3/5
  2237 | D:2      | Learned a level 3 spell: Mephitic Cloud
  2393 | D:2      | Learned a level 2 spell: Call Imp
  3710 | D:2      | Found Arirgh's Jewellery Shop.
  3740 | D:2      | Slain by a hobgoblin

Illustrated notes

Levels and vault maps discovered:
D:1:      psy_arrival_radial02, layout_basic, minmay_misc_feat_room,
          ebering_dispersal_statue_hall
D:2:      layout_loops_ring, serial_shops, nicolae_lakefront_shop,
          shapermc_ecumenical_altar_acropolis, minmay_cut_off

Skill      XL: |  1  2  3 |
---------------+----------+-----
Maces & Flails | 3 |  3.4
Spellcasting   | 1 2 |  2.0
Fighting       | |  3.0
Dodging        | |  2.4
Stealth        | |  1.5
Summonings     | |  0.5

Action                   || total
-------------------------++-------
Melee: Mace              ||   179
 Stab: Distracted        ||     2
       Sleeping          ||     2
Armor: Robe              ||    30
Dodge: Dodged            ||   135

Table legend: (Time is in decaauts)
 A = Elapsed time spent in this place.
 B = Non-inter-level travel time spent in this place.
 C = Inter-level travel time spent in this place.
 D = Time resting spent in this place.
 E = Time spent auto-exploring this place.
 F = Levels seen in this place.
 G = Mean time per level.
                   A        B        C        D        E       F      G
               +--------+--------+--------+--------+--------+-----+--------+
         Total |   3788 |   3757 |     31 |   2000 |   1224 |   2 | 1894.0 |
       Dungeon |   3788 |   3757 |     31 |   2000 |   1224 |   2 | 1894.0 |
               +--------+--------+--------+--------+--------+-----+--------+

Top non-repeatable levels by time:
     D:1: 2007 daAuts
     D:2: 1780 daAuts
